 Dungeon Crawl Stone Soup version 0.20.0-10-g0535bb4 (webtiles) character file.

11866 skittles the Arsonist (level 11, 0/89 HPs)
             Began as a Yellow Draconian Fire Elementalist on June 6, 2017.
             Was an Elder of Vehumet.
             Slain by ThereIsNoGod's ghost (32 damage)
             ... on level 11 of the Dungeon.
             The game lasted 00:48:43 (12507 turns).

skittles the Arsonist (DrFE)                       Turns: 12507, Time: 00:48:45

Health: 0/89       AC:  8    Str: 11    XL:     11   Next: 54%
Magic:  5/19       EV: 16    Int: 18    God:    Vehumet [****..]
Gold:   587        SH:  0    Dex: 17    Spells: 0/20 levels left

rFire    . . .     SeeInvis .   K - +2 whip (elec)
rCold    . . .     Gourm    .   (no shield)
rNeg     . . .     Faith    .   (armour unavailable)
rPois    +         Spirit   .   (helmet restricted)
rElec    .         Reflect  .   (no cloak)
rCorr    +         Harm     .   R - +0 pair of gloves
MR       .....                  (no boots)
Stlth    ++........             M - amulet of regeneration
Regen    0.7/turn               N - ring of poison resistance
MPRegen  0.2/turn               J - +5 ring of dexterity

@: short of breath
A: spit acid, acid resistance, unfitting armour, cold-blooded, AC +7
a: Breathe Acid, Renounce Religion


You were on level 11 of the Dungeon.
You worshipped Vehumet.
Vehumet was greatly pleased with you.
You were very hungry.

You visited 2 branches of the dungeon, and saw 12 of its levels.
You also visited: Sewer.

You collected 587 gold pieces.

Inventory:

Hand Weapons
 a - the +8 rapier "Zelejuodae" {protect, rN+ Str+5 Int-5}
   (You found it on level 8 of the Dungeon)

   It protects the one who uses it against injury (+AC on strike).
   It affects your strength (+5).
   It affects your intelligence (-5).
   It protects you from negative energy.
 b - a +2 spear of freezing
 K - a +2 whip of electrocution (weapon)
 T - a +3 trident
 V - a +0 long sword of holy wrath
Missiles
 v - 4 poisoned javelins (quivered)
Armour
 R - a +0 pair of gloves (worn)
Jewellery
 J - a +5 ring of dexterity (right hand)
 M - an amulet of regeneration (around neck)
 N - a ring of poison resistance (left hand)
 U - a +4 amulet of reflection {unknown}
Wands
 c - a wand of iceblast (7/15)
 f - a wand of digging (6/24)
 A - a wand of flame (20/48)
 I - a wand of lightning (7/15)
 P - a wand of enslavement (19/24)
 Q - a wand of disintegration (6/24)
Scrolls
 e - 4 scrolls of remove curse
 i - a scroll of fog {unknown}
 j - 3 scrolls of random uselessness {unknown}
 m - 3 scrolls of teleportation {unknown}
 s - a scroll of immolation {unknown}
 u - 4 scrolls of blinking {unknown}
 y - 2 scrolls of recharging {unknown}
 z - a scroll of magic mapping {unknown}
 E - 3 scrolls of amnesia
 L - a scroll of enchant armour {unknown}
 O - a scroll of noise {unknown}
 W - a scroll of identify
Potions
 g - a potion of berserk rage {unknown}
 h - 8 potions of heal wounds
 k - a potion of mutation {unknown}
 l - 2 potions of haste {unknown}
 p - 6 potions of curing
 q - a potion of might {unknown}
 r - 2 potions of agility {unknown}
 t - 3 potions of lignification {unknown}
 w - 2 potions of flight
 C - a potion of magic {unknown}
 D - a potion of ambrosia {unknown}
 F - a potion of experience {unknown}
 H - a potion of brilliance {unknown}
 S - a potion of invisibility
Books
 o - a book of Flames

   Spells                             Type                      Level
   a - Flame Tongue                   Conjuration/Fire             1
   b - Throw Flame                    Conjuration/Fire             2
   c - Conjure Flame                  Conjuration/Fire             3
   d - Inner Flame                    Hexes/Fire                   3
   e - Sticky Flame                   Conjuration/Fire             4
   f - Fireball                       Conjuration/Fire             5
 x - a book of Misfortune

   Spells                             Type                      Level
   a - Confusing Touch                Hexes                        1
   b - Confuse                        Hexes                        3
   c - Gell's Gravitas                Translocation                3
   d - Petrify                        Transmutation/Earth          4
   e - Metabolic Englaciation         Hexes/Ice                    5
   f - Yara's Violent Unravelling     Hexes/Transmutation          5
 B - a book of Changes

   Spells                             Type                      Level
   a - Beastly Appendage              Transmutation                1
   b - Sticks to Snakes               Transmutation                2
   c - Spider Form                    Transmutation/Poison         3
   d - Ice Form                       Ice/Transmutation            4
   e - Blade Hands                    Transmutation                5
Comestibles
 d - 4 bread rations
 n - 2 meat rations
 G - 5 royal jellies
 X - 6 chunks of flesh


   Skills:
 + Level 6.1 Fighting
 + Level 2.6 Maces & Flails
 + Level 6.1 Dodging
 - Level 1.7 Stealth
 + Level 5.4 Spellcasting
 + Level 10.7 Conjurations
 + Level 11.0 Fire Magic


You couldn't memorise any spells.
You knew the following spells:

 Your Spells              Type           Power        Failure   Level  Hunger
a - Flame Tongue          Conj/Fire      #####        1%          1    None
b - Conjure Flame         Conj/Fire      #####...     1%          3    ##.....
c - Sticky Flame          Conj/Fire      #####...     1%          4    ####...
d - Fireball              Conj/Fire      #####.....   1%          5    ######.
e - Searing Ray           Conj           #####.       1%          2    #......
h - Iskenderun's Battles  Conj/Chrm      ###.....     11%         5    ######.


Dungeon Overview and Level Annotations

Branches:
Dungeon (11/15)            Temple (1/1) D:7            Lair (0/6) D:8
    Orc (0/2) D:10

Altars:
Fedhas
Kikubaaqudgha
Nemelex Xobeh
Okawaru
Qazlal
Ru
Uskayaw
Vehumet

Shops:
D:7 }   D:9 *

Annotations:
D:11 ThereIsNoGod's ghost, journeyman TrMo


Innate Abilities, Weirdness & Mutations

You can spit globs of acid.
You are resistant to acid.
Your golden yellow scales are hard. (AC +7)
You cannot fit into any form of body armour.
You are cold-blooded and may be slowed by cold attacks.


Message History

The flame tongue hits ThereIsNoGod's ghost.
ThereIsNoGod's ghost resists.
ThereIsNoGod's ghost is heavily damaged.
Your battlesphere fires!
The barrage of energy hits ThereIsNoGod's ghost.
ThereIsNoGod's ghost is severely damaged.
ThereIsNoGod's ghost barely misses you.
Casting: Flame Tongue
Confirm with . or Enter, or press ? or * to list all spells.
Aiming: Flame Tongue
Press: ? - help, Shift-Dir - straight line, f/p - ThereIsNoGod's ghost
Aim: ThereIsNoGod's ghost (severely damaged)
The flame tongue hits ThereIsNoGod's ghost.
ThereIsNoGod's ghost resists.
ThereIsNoGod's ghost is severely damaged.
Your battlesphere fires!
The barrage of energy hits ThereIsNoGod's ghost.
ThereIsNoGod's ghost is severely damaged.
ThereIsNoGod's ghost hits you!!
You die...

###........# ........##.#
###.###.##.# .# # #.###.##.# #.#
##+ ###........##### ... ##..
.######.......<# #.## ##... ..##
#..#####.# #..## ##....
...####...####.######...####.....
................@...*......+.....
...####...#.##.##W......#.##.....
..## ##.## #.##.#.#...#.# #....
.## ... ..##.#.#.#.#.# ##... ##
#####.#.#.#.#.# ##.. #
#.#.#.#.#.# ##' #### #.#.#.#.#.#
#. )..# #.#.......# #. ##.#
#.......### ##.


You could see ThereIsNoGod's ghost and a friendly battlesphere.

Vanquished Creatures
  Erolcha (D:9)
  2 two-headed ogres (D:11)
  Sonja (D:10)
  2 unseen horrors
  Pikel (D:6)
  Grinder (D:3)
  3 hippogriffs
  A wyvern (D:10)
  3 yaks
  A basilisk (D:8)
  A human (D:10)
  A steam dragon (D:8)
  A warg (D:10)
  4 orc warriors
  3 ice beasts
  2 porcupines (D:8)
  2 ogres (D:9)
  A phantom (D:4)
  A sky beast (D:5)
  5 centaurs
  4 crocodiles (D:8)
  10 big kobolds
  7 bullfrogs
  4 scorpions
  A wyvern skeleton (D:10)
  19 killer bees
  4 howler monkeys
  A bullfrog zombie (D:6)
  4 crimson imps
  4 jellies
  2 centaur zombies (D:8)
  7 orc wizards
  5 hounds
  13 orc priests
  A bullfrog skeleton (D:8)
  A centaur skeleton (D:6)
  Terence (D:2)
  3 iguanas
  4 worker ants
  A worker ant zombie (D:8)
  3 gnolls (D:4)
  17 adders
  3 shadow imps
  An ooze (D:1)
  4 adder skeletons
  3 worms
  3 dart slugs
  10 leopard geckos
  29 orcs
  7 bats
  2 giant cockroaches
  7 goblins
  10 hobgoblins
  8 jackals
  2 quokkas
  5 frilled lizards
  73 kobolds
  A leopard gecko zombie (D:8)
  11 rats
332 creatures vanquished.

Vanquished Creatures (others)
  4 fungi (D:8)
  3 plants (D:8)
7 creatures vanquished.

Grand Total: 339 creatures vanquished

Notes
Turn   | Place    | Note
-------+----------+-------------------------------------------
     0 | D:1      | skittles the Draconian Fire Elementalist began the quest for the Orb.
     0 | D:1      | Reached XP level 1. HP: 14/14 MP: 3/3
   159 | D:1      | Reached skill level 1 in Fighting
   159 | D:1      | Reached XP level 2. HP: 23/23 MP: 5/5
  1113 | D:2      | Reached XP level 3. HP: 28/28 MP: 3/6
  1160 | D:2      | Learned a level 3 spell: Conjure Flame
  1308 | D:2      | Reached XP level 4. HP: 33/36 MP: 3/7
  1450 | D:2      | Noticed Terence
  1485 | D:2      | Killed Terence
  2312 | D:3      | Found a faded altar of an unknown god.
  2405 | D:3      | Noticed Grinder
  2454 | D:3      | Paralysed by Grinder for 2 turns
  2458 | D:3      | Killed Grinder
  2458 | D:3      | Reached skill level 4 in Fire Magic
  2458 | D:3      | Reached XP level 5. HP: 13/45 MP: 0/8
  2458 | D:3      | Reached XP level 6. HP: 15/51 MP: 0/9
  3189 | D:4      | Found a glowing drain.
  3196 | Sewer    | Entered a sewer
  3334 | Sewer    | Found a glowing silver altar of Zin.
  3467 | D:4      | Learned a level 4 spell: Sticky Flame
  3783 | D:4      | Your scales start taking on a golden yellow colour.
  3783 | D:4      | Reached XP level 7. HP: 56/59 MP: 0/10
  3808 | D:4      | Reached skill level 5 in Fire Magic
  4568 | D:4      | Reached XP level 8. HP: 55/66 MP: 4/12
  4717 | D:4      | Learned a level 5 spell: Fireball
  4871 | D:4      | Reached skill level 5 in Conjurations
  5044 | D:5      | Entered Level 5 of the Dungeon
  5260 | D:5      | Reached skill level 6 in Fire Magic
  6035 | D:6      | Reached skill level 7 in Fire Magic
  6325 | D:6      | Reached XP level 9. HP: 56/71 MP: 12/14
  7108 | D:6      | Noticed Pikel
  7132 | D:6      | Killed Pikel
  7132 | D:6      | Reached skill level 8 in Fire Magic
  7632 | D:7      | Found Ihextusaty's Gadget Emporium.
  7689 | D:7      | Found a staircase to the Ecumenical Temple.
  7696 | Temple   | Entered the Ecumenical Temple
  7762 | Temple   | Became a worshipper of Vehumet
  8363 | D:7      | Reached skill level 9 in Fire Magic
  8381 | D:8      | Got a polished rapier
  8402 | D:8      | Identified the +8 rapier "Zelejuodae" {protect, rN+ Str+5 Int-5} (You found it on level 8 of the Dungeon)
  8523 | D:8      | Reached XP level 10. HP: 36/78 MP: 3/15
  8708 | D:8      | Found a staircase to the Lair.
  8788 | D:8      | Reached * piety under Vehumet
  8788 | D:8      | Offered knowledge of Sting by Vehumet.
  8983 | D:8      | Reached skill level 10 in Fire Magic
  9278 | D:8      | Reached ** piety under Vehumet
  9290 | D:8      | Offered knowledge of Searing Ray by Vehumet.
  9354 | D:8      | Learned a level 2 spell: Searing Ray
  9636 | D:9      | Reached skill level 5 in Dodging
  9636 | D:9      | Reached skill level 10 in Conjurations
 10015 | D:9      | Offered knowledge of Stone Arrow by Vehumet.
 10083 | D:9      | Found Remuav's General Store.
 10132 | D:9      | Noticed Erolcha
 10133 | D:9      | Paralysed by Erolcha for 6 turns
 10142 | D:9      | Killed Erolcha
 10142 | D:9      | Reached skill level 5 in Fighting
 10397 | D:9      | Reached *** piety under Vehumet
 10496 | D:9      | Reached XP level 11. HP: 86/86 MP: 17/17
 10701 | D:10     | Entered Level 10 of the Dungeon
 10837 | D:10     | Offered knowledge of Static Discharge by Vehumet.
 10943 | D:10     | Found a staircase to the Orcish Mines.
 11018 | D:10     | Noticed an unseen horror
 11023 | D:10     | Killed an unseen horror
 11112 | D:10     | Noticed Sonja
 11120 | D:10     | Killed Sonja
 11120 | D:10     | Reached skill level 1 in Maces & Flails
 11120 | D:10     | Reached skill level 5 in Spellcasting
 11347 | D:10     | Reached **** piety under Vehumet
 11718 | D:11     | Noticed ThereIsNoGod's ghost (journeyman TrMo)
 11730 | D:11     | HP: 2/89 [ThereIsNoGod's ghost (26)]
 11989 | D:11     | Noticed a two-headed ogre
 12001 | D:11     | Killed a two-headed ogre
 12295 | D:11     | Noticed a two-headed ogre
 12308 | D:11     | Killed a two-headed ogre
 12308 | D:11     | Reached skill level 11 in Fire Magic
 12320 | D:11     | Offered knowledge of Iskenderun's Battlesphere by Vehumet.
 12327 | D:11     | Learned a level 5 spell: Iskenderun's Battlesphere
 12401 | D:11     | Noticed an unseen horror
 12406 | D:11     | Killed an unseen horror
 12507 | D:11     | Slain by ThereIsNoGod's ghost

Skill      XL: |  1  2  3  4  5  6  7  8  9 10 11 |
---------------+----------------------------------+-----
Fighting       | 1 3 4 5 6 |  6.1
Dodging        | 2 3 4 5 6 |  6.1
Conjurations   | 2 3 4 6 9 10 | 10.7
Fire Magic     | 4 5 7 9 10 11 | 11.0
Spellcasting   | 3 4 5 |  5.4
Maces & Flails | 2 |  2.6
Stealth        | |  1.7

Action                   |  1- 3 |  4- 6 |  7- 9 | 10-12 || total
-------------------------+-------+-------+-------+-------++-------
Melee: Spear             |    94 |   119 |   321 |   322 ||   856
       Tailslap          |     5 |     8 |    26 |    48 ||    87
       Whip              |       |       |       |    46 ||    46
       Trident           |       |       |       |    17 ||    17
       Rapier            |       |       |       |     8 ||     8
       Long sword        |       |       |       |     7 ||     7
 Cast: Flame Tongue      |    14 |    50 |    50 |    87 ||   201
       Conjure Flame     |       |     3 |     1 |     8 ||    12
       Sticky Flame      |       |     1 |    20 |    44 ||    65
       Fireball          |       |       |       |     1 ||     1
       Searing Ray       |       |       |       |     2 ||     2
       Iskenderun's Batt |       |       |       |     1 ||     1
 Abil: Breathe Acid      |       |       |     7 |     3 ||    10
  Use: Scroll            |       |     3 |     1 |     2 ||     6
 Stab: Sleeping          |     1 |     4 |     2 |     7 ||    14
  Eat: Chunk             |     1 |    10 |    16 |    21 ||    48
       Royal jelly       |       |       |     2 |     1 ||     3
Armor: Skin              |    26 |    29 |   111 |   107 ||   273
Dodge: Dodged            |    64 |    61 |   305 |   351 ||   781
       Rpst.: Long sword |       |       |       |     2 ||     2
